AoeStats
← 1121343787

Arabia

504727576Analyzed
2v2 RM · 24d ago on Sep 6, 2026· 29m 53s· 4 players
Game mode
Random Map
Map size
Medium (4 player)
Population
200
Speed
Normal
Resources
Standard
Victory
Conquest
Starting age
Dark Age
Ending age
Imperial Age
RankedLock teamsTeams togetherTeam positionsShared explorationLock speedFull tech treeHidden civsTurbo modeCheats
Victory
Defeat
🇩🇰 Ethiopians · Denmark
885
+13
🇦🇷 Franks · Argentina
884
+13
🇨🇳 Burmese · China
857
-39
🇨🇳 Jurchens · China
800
-20
lukelucky13
4:53 Loom
9:32 Feudal Age
10:04 Double-Bit Axe
15:10 Forging
20:07 Castle Age
19:27 Scale Barding Armor
21:21 Chain Barding Armor
21:18 Bow Saw
21:39 Husbandry
22:44 Iron Casting
29:04 Wheelbarrow
Tomi
10:47 Feudal Age
9:04 Loom
11:23 Gold Mining
12:16 Double-Bit Axe
14:49 Horse Collar
16:16 Fletching
19:56 Padded Archer Armor
23:01 Castle Age
21:34 Stone Mining
23:25 Wheelbarrow
24:06 Bow Saw
24:54 Gold Shaft Mining
25:19 Bodkin Arrow
24:47 Crossbowman
29:01 Stone Shaft Mining
28:44 Hand Cart
1121343787
15:36 Feudal Age
1665397190
11:58 Feudal Age
17:29 Castle Age
Connection lost

Rejoining the realm…

Still unreachable

The connection could not be restored.

Session expired

The server has moved on; the page needs a fresh start.